 Dungeon Crawl Stone Soup version 0.17-a0-1368-g6ab37f2 (webtiles) character file.

1889 Kisielow the Cleaver (level 9, 0/78 HPs)
             Began as a Hill Orc Fighter on June 12, 2015.
             Was an Initiate of Okawaru.
             Slain by a killer bee (1 damage)
             ... on level 7 of the Dungeon.
             The game lasted 00:15:37 (6663 turns).

Kisielow the Cleaver (Hill Orc Fighter)             Turns: 6663, Time: 00:15:38

Health: 0/78       AC: 13    Str: 27    XL:     9   Next: 15%
Magic:  9/9        EV:  7    Int:  8    God:    Okawaru [......]
Gold:   453        SH: 12    Dex: 10    Spells: 0 memorised, 8 levels left

rFire  . . .     SeeInvis +     a - +1 war axe
rCold  . . .     Clarity  .     x - +0 chain mail
rNeg   + . .     SustAt   .     c - +1 shield
rPois  .         Gourm    .     g - +2 helmet
rElec  .         Spirit   .     (no cloak)
rCorr  .         Warding  .     (no gloves)
rMut   .         Stasis   .     (no boots)
MR     .....                    (no amulet)
Stlth  ..........               y - ring of positive energy
                                o - ring of see invisible

@: mighty, lethally poisoned (0 -> -17), not resistant to hostile enchantments,
extremely unstealthy
A: no striking features
a: Renounce Religion


You were on level 7 of the Dungeon.
You worshipped Okawaru.
Okawaru was noncommittal.
You were very hungry.

You visited 2 branches of the dungeon, and saw 8 of its levels.

You collected 453 gold pieces.

Inventory:

Hand weapons
 a - a +1 war axe (weapon)
Armour
 c - a +1 shield (worn)
 g - a +2 helmet (worn)
 x - a +0 chain mail (worn)
Jewellery
 m - an uncursed ring of ice
 o - a ring of see invisible (left hand)
 y - a ring of positive energy (right hand)
Scrolls
 h - a scroll of enchant weapon
 i - 5 scrolls of identify
 p - 2 scrolls of teleportation
 t - 4 scrolls of remove curse
 v - 2 scrolls of enchant armour
 z - a scroll of silence {unknown}
 B - 2 scrolls of amnesia {unknown}
 C - a scroll of noise {unknown}
 F - a scroll of magic mapping {unknown}
Potions
 d - 2 potions of might
 f - a potion of cancellation
 j - 2 potions of brilliance {unknown}
 k - 2 potions of flight
 q - a potion of cure mutation {unknown}
 s - 2 potions of curing
 u - 2 potions of lignification {unknown}
 w - a potion of magic {unknown}
 A - a potion of mutation {unknown}
Books
 b - a book of Frost

   Spells                             Type                      Level
   a - Freeze                         Ice                          1
   b - Throw Frost                    Conjuration/Ice              2
   c - Ozocubu's Armour               Charms/Ice                   3
   d - Throw Icicle                   Conjuration/Ice              4
   e - Summon Ice Beast               Ice/Summoning                4
   f - Condensation Shield            Ice                          4
 D - an Akashic Record {highlevel, unknown}

   This book is beyond your current level of understanding.

   Spells                             Type                      Level
   a - Dispersal                      Translocation                6
   b - Controlled Blink               Translocation                7
   c - Malign Gateway                 Summoning/Translocation      7
   d - Disjunction                    Translocation                8
   e - Singularity                    Translocation                9
Comestibles
 e - 2 bread rations
 l - 3 fruits
 n - 2 beef jerkies
 r - a royal jelly


   Skills:
 + Level 6.7 Fighting
 * Level 10.4 Axes
 + Level 6.4 Armour
 + Level 6.5 Shields


You had 8 spell levels left.
You didn't know any spells.

Dungeon Overview and Level Annotations

Branches:
Dungeon (7/15)             Temple (1/1) D:6

Altars:
Ashenzari
Cheibriados
Dithmenos
Elyvilon
Fedhas
Gozag
Kikubaaqudgha
Makhleb
Nemelex Xobeh
Okawaru
Qazlal
Ru
Sif Muna
Trog
Vehumet
Xom
Yredelemnul
Zin
The Shining One


Message History

* * * LOW HITPOINT WARNING * * *
You block the killer bee's attack.
You slash the killer bee!
The killer bee is almost dead.
The killer bee closely misses you.
The killer bee stings you but does no damage.
You barely miss the killer bee.
The killer bee is almost dead.
You feel sick. The killer bee stings you.
* * * LOW HITPOINT WARNING * * *
You are lethally poisoned!
The killer bee poisons you! You block the killer bee's attack.
You barely miss the killer bee.
The killer bee is almost dead.
* * * LOW HITPOINT WARNING * * *
You feel sick. The killer bee stings you.
* * * LOW HITPOINT WARNING * * *
You are more poisoned.
The killer bee poisons you! The killer bee stings you.
You die...

#.........###
##............
#...........##########
#......>...# #...<...#
#.......$..# #.##.##.#
#..8..y..8.# #.......#
#....)..y..# #..#.####
#.##.#.#######..#....#
#.......yy@.....#.##.#
###############.####.#
#......# ########


You could see 2 killer bees.

Vanquished Creatures
  Sigmund (D:4)
  Edmund (D:4)
  A centaur (D:6)
  5 big kobolds (D:4)
  A giant frog (D:6)
  2 scorpions
  2 vampire bats (D:6)
  2 killer bees (D:7)
  3 crimson imps
  2 hounds
  4 orc priests
  3 orc wizards
  A giant frog skeleton (D:6)
  Natasha (thrice) (D:4 D:5)
  An iguana (D:4)
  2 worker ants
  2 hound skeletons
  Robin (D:4)
  7 gnolls
  7 adders
  A shadow imp (D:4)
  3 oozes
  10 orcs
  A ball python (D:3)
  4 bat skeletons (D:6)
  A bat zombie (D:6)
  6 giant cockroaches
  24 goblins
  17 hobgoblins
  15 jackals
  6 quokkas
  11 bats
  4 giant geckos
  A giant gecko skeleton (D:4)
  5 giant newts
  51 kobolds
  9 rats
220 creatures vanquished.

Notes
Turn   | Place    | Note
--------------------------------------------------------------
     0 | D:1      | Kisielow the Hill Orc Fighter began the quest for the Orb.
     0 | D:1      | Reached XP level 1. HP: 19/19 MP: 1/1
   192 | D:1      | Reached XP level 2. HP: 26/26 MP: 2/2
   203 | D:1      | Reached skill level 4 in Axes
   337 | D:1      | You fall through a shaft!
   358 | D:2      | Found a shadowy altar of Dithmenos.
   372 | D:2      | Reached XP level 3. HP: 29/31 MP: 3/3
   545 | D:1      | Reached skill level 5 in Axes
   982 | D:2      | Found a faded altar to an unknown god.
  1082 | D:2      | Reached XP level 4. HP: 35/40 MP: 4/4
  1619 | D:3      | Reached XP level 5. HP: 13/46 MP: 5/5
  1942 | D:3      | Reached skill level 6 in Axes
  2652 | D:4      | Noticed Natasha
  2659 | D:4      | Killed Natasha
  2671 | D:4      | Reached XP level 6. HP: 18/52 MP: 6/6
  2967 | D:4      | Noticed Sigmund
  2967 | D:4      | Noticed Edmund
  2987 | D:4      | Killed Edmund
  2987 | D:4      | Reached skill level 7 in Axes
  2992 | D:4      | Killed Sigmund
  2992 | D:4      | Reached skill level 5 in Fighting
  2992 | D:4      | Reached XP level 7. HP: 15/61 MP: 7/7
  3382 | D:4      | Noticed Natasha
  3404 | D:4      | Killed Natasha
  3446 | D:4      | Noticed Robin
  3475 | D:4      | Killed Robin
  3551 | D:4      | Reached skill level 8 in Axes
  3551 | D:4      | Reached skill level 5 in Armour
  3764 | D:4      | Reached skill level 5 in Shields
  3790 | D:4      | Reached XP level 8. HP: 68/70 MP: 8/8
  4275 | D:5      | Entered Level 5 of the Dungeon
  5087 | D:5      | Reached skill level 9 in Axes
  5185 | D:5      | Found a blossoming altar of Fedhas.
  5188 | D:5      | Noticed Natasha
  5193 | D:5      | Killed Natasha
  5910 | D:6      | Found a staircase to the Ecumenical Temple.
  5918 | Temple   | Entered the Ecumenical Temple
  5929 | Temple   | Became a worshipper of Warmaster Okawaru
  6294 | D:6      | Reached skill level 10 in Axes
  6297 | D:6      | Reached XP level 9. HP: 56/78 MP: 9/9
  6465 | D:6      | Found an ancient bone altar of Kikubaaqudgha.
  6663 | D:7      | HP: 1/78 [killer bee (4)]
  6663 | D:7      | Slain by a killer bee

Vault maps used:
D:1:      eino_arrival_tree_alley, nrook_uturn, st_stairs_12,
          kennysheep_crisscross
D:2:      nicolae_dithmenos_shadow_blocks, ecumenical_altar_2
D:3:      st_stairs_7, kennysheep_nondescript, minmay_quantized
D:4:      minmay_goblin_kobold_castle, sigmund_edmund_badplayer, uniq_edmund,
          uniq_natasha, uniq_robin
D:5:      lemuel_doored_altar, first_bread, abandoned_shop
D:6:      kennysheep_vampire_church, temple_statues, minmay_misc_feat_room
D:7:      serial_undead, serial_undead_b, serial_undead_c, serial_undead_b,
          serial_undead_b, st_stairs_1
Temple:   lightli_temple_of_artemis

Action                   |  1- 3 |  4- 6 |  7- 9 || total
-------------------------+-------+-------+-------++-------
Melee: War axe           |   111 |   216 |   361 ||   688
  Use: Potion            |       |     3 |     1 ||     4
       Scroll            |       |       |     7 ||     7
  Eat: Chunk             |       |     5 |     7 ||    12
       Beef jerky        |       |     1 |       ||     1
       Meat ration       |       |       |     1 ||     1
